 Dungeon Crawl Stone Soup version 0.28.0 (webtiles) character file.

Game seed: 17488641431836269934

86906 danielguo94 the Bludgeoner (level 15, 0/96 HPs)
             Began as a Gargoyle Fighter on Feb 5, 2022.
             Was the Champion of the Shining One.
             Killed from afar by an ogre mage (8 damage)
             ... with a bolt of magma
             ... while paralysed by an ogre mage
             ... on level 2 of the Orcish Mines.
             The game lasted 00:46:30 (26433 turns).

danielguo94 the Bludgeoner (Gargoyle Fighter)      Turns: 26433, Time: 00:46:30

Health: 0/96       AC: 37    Str: 26    XL:     15   Next: 88%
Magic:  0/23       EV:  2    Int:  8    God:    the Shining One [******]
Gold:   1377       SH:  0    Dex: 17    Spells: 14/14 levels left

rFire   + . .      SeeInvis .   P - +4 flail (protect)
rCold   + . .      Faith    .   j - +0 kite shield
rNeg    + + +      Spirit   +   h - +0 chain mail
rPois   ∞          Reflect  .   k - +0 helmet
rElec   +          Harm     .   r - scarf {rC+ rF+}
rCorr   +          Rampage  .   Z - +0 pair of gloves
Will    +....                   B - +2 pair of boots
Stlth   ..........              E - amulet of guardian spirit
HPRegen 0.26/turn               I - ring of resist corrosion
MPRegen 0.18/turn               c - +6 ring of dexterity

@: paralysed, under a protective aura, flying, glowing
A: sickness immunity, AC +11, big wings, negative energy resistance 1,
electricity resistance, torment resistance 1, petrification resistance
a: Renounce Religion, Divine Shield, Cleansing Flame, Summon Divine Warrior,
Brand Weapon With Holy Wrath


You were on level 2 of the Orcish Mines.
You worshipped the Shining One.
The Shining One was exalted by your worship.
You visited 4 branches of the dungeon, and saw 20 of its levels.
You also visited: Bailey and Ice Cave.

You collected 1673 gold pieces.
You spent 296 gold pieces at shops.

Inventory:

Hand Weapons
 P - a +4 flail of protection (weapon)
 Y - a +0 morningstar of freezing
Missiles
 p - 6 silver javelins
 w - 14 boomerangs (quivered)
 x - 6 throwing nets
 J - 27 poisoned darts
 T - 6 atropa-tipped darts
 W - 4 datura-tipped darts
Armour
 h - a +0 chain mail (worn)
 j - a +0 kite shield (worn)
 k - a +0 helmet (worn)
 r - a scarf of resistance (worn)
 B - a +2 pair of boots (worn)
 U - a +2 cloak
 Z - a +0 pair of gloves (worn)
Jewellery
 c - a +6 ring of dexterity (right hand)
 E - an amulet of guardian spirit (around neck)
 I - a ring of resist corrosion (left hand)
 K - an amulet of the acrobat
 V - a ring of protection from cold
Wands
 n - a wand of polymorph (11)
 C - a wand of iceblast (25)
 L - a wand of flame (9)
 N - a wand of digging (7)
 S - a wand of charming (7)
Scrolls
 g - 6 scrolls of immolation
 i - 7 scrolls of enchant weapon
 v - 8 scrolls of teleportation
 y - 2 scrolls of acquirement {unknown}
 z - 3 scrolls of magic mapping
 A - 9 scrolls of enchant armour
 D - 3 scrolls of blinking
 G - 7 scrolls of summoning
 H - a scroll of fear {unknown}
 M - 2 scrolls of silence
 O - 2 scrolls of brand weapon {unknown}
 R - a scroll of vulnerability {unknown}
 X - a scroll of holy word {unknown}
Potions
 a - 2 potions of resistance
 b - 2 potions of invisibility {unknown}
 d - 2 potions of might
 e - 11 potions of attraction
 f - 7 potions of mutation
 l - 5 potions of cancellation
 m - a potion of magic {unknown}
 o - 2 potions of ambrosia
 q - 3 potions of lignification {unknown}
 s - 12 potions of haste
 t - 8 potions of curing
 u - a potion of flight {unknown}
 F - a potion of heal wounds {unknown}
 Q - 2 potions of berserk rage


   Skills:
 + Level 11.8 Fighting
 * Level 17.6 Maces & Flails
 + Level 11.7 Armour
 + Level 4.6 Dodging
 - Level 0.1 Stealth
 + Level 11.5 Shields
 * Level 11.3 Invocations
 + Level 3.6 Evocations


You had 14 spell levels left.
You didn't know any spells.
Your spell library contained the following spells:

 Spells                   Type           Power      Damage    Failure   Level
 Animate Skeleton         Necr           0%         N/A       99%         1
 Apportation              Tloc           0%         N/A       99%         1
 Beastly Appendage        Tmut           0%         N/A       99%         1
 Magic Dart               Conj           0%         1d3       99%         1
 Pain                     Necr           0%         1d4       99%         1
 Sting                    Tmut/Pois      0%         1d3       99%         1
 Summon Small Mammal      Summ           0%         N/A       99%         1
 Call Imp                 Summ           0%         N/A       99%         2
 Corpse Rot               Necr/Air       0%         N/A       99%         2
 Ensorcelled Hibernation  Hex/Ice        0%         N/A       99%         2
 Passwall                 Tmut/Erth      0%         N/A       99%         2
 Poisonous Vapours        Pois/Air       0%         N/A       99%         2
 Searing Ray              Conj           0%         2d4       99%         2
 Wereblood                Tmut           0%         N/A       99%         2
 Confusing Touch          Hex            0%         N/A       100%        3
 Conjure Flame            Conj/Fire      0%         6-21      100%        3
 Ignite Poison            Fire/Tmut/Pois 0%         N/A       100%        3
 Mephitic Cloud           Conj/Pois/Air  0%         N/A       100%        3
 Spider Form              Tmut/Pois      0%         N/A       100%        3
 Swiftness                Air            0%         N/A       100%        3
 Tukima's Dance           Hex            0%         N/A       100%        3
 Vampiric Draining        Necr           0%         2d6       100%        3
 Anguish                  Hex/Necr       0%         N/A       100%        4
 Fulminant Prism          Conj/Hex       0%         3d6       100%        4
 Leda's Liquefaction      Hex/Erth       0%         N/A       100%        4
 Olgreb's Toxic Radiance  Pois           0%         N/A       100%        4
 Passage of Golubria      Tloc           0%         N/A       100%        4
 Sticky Flame             Conj/Fire      0%         2d3       100%        4
 Lee's Rapid Deconstruct  Erth           0%         3d5*      100%        5
 Silence                  Hex/Air        0%         N/A       100%        5
 Yara's Violent Unravell  Hex/Tmut       0%         3d3       100%        5
 Enfeeble                 Hex            0%         N/A       100%        7
 Lehudib's Crystal Spear  Conj/Erth      0%         10d2      100%        8
 Statue Form              Tmut/Erth      Unusable   N/A       N/A         6

Dungeon Overview and Level Annotations

Branches:
Dungeon (11/15)            Temple (1/1) D:5            Lair (6/6) D:11
  Swamp (0/4) Lair:3        Snake (0/4) Lair:4        Slime (0/5) Lair:5
    Orc (2/2) D:9             Elf (0/3) Orc:2        Bailey (visited)
  IceCv (visited)

Altars:
Ashenzari
Dithmenos
Fedhas
Makhleb
Nemelex Xobeh
Okawaru
Uskayaw
Wu Jian
Xom
Yredelemnul
Zin
The Shining One
Jiyva

Shops:
D:9 *

Annotations:
Lair:5 1 runed translucent door


Innate Abilities, Weirdness & Mutations

You are immune to sickness and miasma.
Your stone body is resilient. (AC +11)
You are immune to poison.
Your large and strong wings let you fly.
You resist negative energy. (rN+)
You are resistant to electric shocks. (rElec)
You are resistant to unholy torment.
You are immune to petrification.


Message History

Unknown command.
Okay, then.
Unknown command.
You hit the ogre mage but do no damage.
The ogre mage is heavily wounded.
The ogre mage hits you but does no damage.
The two-headed ogre hits you but does no damage. x2
The ogre mage hits you but does no damage.
You block the ogre's attack. You block the orc warrior's attack.
The ogre mage points at you and mumbles some strange words.
You resist with some effort.
Unknown command.
You bludgeon the ogre mage!!
The ogre mage is almost dead.
You block the ogre mage's attack.
The two-headed ogre hits you but does no damage.
The two-headed ogre closely misses you. You block the orc warrior's attack.
The ogre mage gestures at the ogre while chanting.
The ogre seems to speed up.
The ogre barely misses you.
The ogre mage hits you but does no damage.
Unknown command.
You hit the ogre mage.
The ogre mage is almost dead.
The two-headed ogre hits you but does no damage.
You block the two-headed ogre's attack.
The ogre mage points at you and mumbles some strange words.
You suddenly lose the ability to move!
The ogre mage completely misses you.
The orc warrior hits you from afar with a +0 glaive!
The ogre hits you with a +0 giant club!
* * * LOW HITPOINT WARNING * * *
The ogre mage hits you but does no damage.
The two-headed ogre hits you with a +0 dire flail!
* * * LOW HITPOINT WARNING * * *
The two-headed ogre hits you but does no damage.
The ogre mage hits you but does no damage.
The ogre hits you but does no damage.
The orc warrior hits you but does no damage.
The ogre mage points at you and mumbles some strange words.
The bolt of magma hits you! You partially resist.
You die...

...o...o......O#
.....#.........#
..>............#
...............#
......$$.......#
.O....).$....$.#
.......[......##
..........O)[..#
.$.......oO@)..#
..........OO).##
..........))..##
......#...$....#
....$........$.#
..............#
.#...........#
.............#
.....$.......#


You could see a two-headed ogre (fast), 2 ogre magi, an orc warrior and an ogre
(fast).

Vanquished Creatures
  Kirke (Lair:5)
  4 dire elephants (Lair:6)
  A minotaur (Lair:5)
  The ghost of KUP the Carver, a journeyman FoWr of Ashenzari (Lair:1)
  The ghost of Panli the Archer, a journeyman CeAM of Okawaru (Lair:5)
  Harold (D:9)
  Fannar (Lair:2)
  7 hydras
  A boulder beetle (D:11)
  A dancing weapon (D:10)
  The ghost of danielguo94 the Basher, a journeyman GrFi of the Shining One (D:10)
  10 two-headed ogres
  An orc high priest (Orc:2)
  A death yak (Lair:6)
  Sonja (Orc:2)
  The ghost of pkoi the Archer, a novice MiHu of Dithmenos (D:8)
  A spectral anaconda (Lair:6)
  An obsidian statue (Lair:6)
  4 necromancers
  An oklob plant (Lair:2)
  3 orc knights (Bailey)
  A will-o-the-wisp (Lair:3)
  A moth of wrath (Lair:4)
  2 orc sorcerers (Orc:1)
  Maurice (D:8)
  25 elephants
  2 black mambas (Lair:6)
  Joseph (D:8)
  An ice statue (IceCv)
  Psyche (D:8)
  12 cane toads
  A kobold demonologist (D:11)
  2 dire elephant skeletons (Lair:6)
  17 komodo dragons
  2 anaconda simulacra (IceCv)
  A demonic crawler (Lair:4)
  3 rime drakes
  An unseen horror (D:10)
  4 freezing wraiths (IceCv)
  14 ice devils (IceCv)
  A hornet (D:8)
  5 trolls
  A polar bear (Lair:5)
  Grinder (D:4)
  3 blink frogs (Lair:4)
  6 slime creatures
  2 wraiths
  2 dire elephant simulacra (IceCv)
  A vampire (D:11)
  6 wyverns
  2 shadows
  Grum (D:7)
  27 yaks
  3 basilisks
  A hog (Lair:5)
  5 fire elementals (Orc:1)
  A steam dragon (D:8)
  A warg (D:8)
  2 death yak simulacra
  A spectral cane toad (Lair:6)
  A harpy simulacrum (IceCv)
  3 nagas (Lair:4)
  2 swamp worms (Lair:5)
  13 water moccasins
  3 black bears
  13 orc warriors
  An ice beast (D:7)
  3 sky beasts
  An elephant zombie (Lair:6)
  2 necrophages
  17 ogres
  22 wolves
  2 centaurs (D:10)
  4 kobold brigands
  11 bullfrogs
  A scorpion (D:6)
  7 cane toad simulacra
  A gnoll sergeant (D:10)
  7 elephant simulacra
  14 killer bees
  4 wights (D:7)
  A vampire bat (Lair:1)
  2 electric eels (Lair:2)
  4 howler monkeys
  7 centaur zombies
  2 hounds
  2 gnoll shamans
  2 jellies
  19 orc priests
  A centaur skeleton (D:7)
  15 iguanas
  A scorpion zombie (D:5)
  17 orc wizards
  5 polar bear simulacra (IceCv)
  2 spriggan simulacra (IceCv)
  A killer bee zombie (D:8)
  4 wolf simulacra (IceCv)
  A hound zombie (D:5)
  Robin (D:1)
  2 howler monkey zombies
  13 gnolls
  7 adders
  A howler monkey skeleton (D:5)
  2 naga simulacra (IceCv)
  A white imp (IceCv)
  An ufetubus (IceCv)
  3 worms
  2 dart slugs
  75 orcs
  10 bats
  5 endoplasms
  2 giant cockroaches (D:2)
  14 goblins
  8 hobgoblins
  2 quokkas
  7 ball pythons
  18 frilled lizards
  30 kobolds
  6 rats
636 creatures vanquished.

Vanquished Creatures (others)
  A frilled lizard (Lair:2)
  6 foxfires (Lair:3)
  12 fungi
  43 plants
  27 withered plants (Lair:6)
89 creatures vanquished.

Grand Total: 725 creatures vanquished

Notes
Turn   | Place    | Note
-------+----------+-------------------------------------------
     0 | D:1      | danielguo94 the Gargoyle Fighter began the quest for the
                  | Orb.
     0 | D:1      | Reached XP level 1. HP: 14/14 MP: 1/1
   147 | D:1      | Reached XP level 2. HP: 19/19 MP: 2/2
   654 | D:1      | Found a faded altar of an unknown god.
  1167 | D:2      | Reached XP level 3. HP: 24/24 MP: 3/3
  1441 | D:2      | Noticed Robin
  1470 | D:1      | Killed Robin
  1493 | D:2      | Reached XP level 4. HP: 29/29 MP: 4/4
  2042 | D:3      | Reached skill level 3 in Maces & Flails
  2091 | D:3      | Reached XP level 5. HP: 9/33 MP: 5/5
  2801 | D:4      | Reached skill level 4 in Maces & Flails
  3237 | D:4      | Noticed Grinder
  3247 | D:4      | Paralysed by Grinder for 3 turns
  3255 | D:4      | Killed Grinder
  3256 | D:4      | Reached skill level 5 in Maces & Flails
  3256 | D:4      | Reached XP level 6. HP: 28/38 MP: 6/6
  3816 | D:4      | Reached XP level 7. HP: 43/43 MP: 7/7
  3853 | D:5      | Entered Level 5 of the Dungeon
  3987 | D:5      | Reached skill level 6 in Maces & Flails
  4405 | D:5      | Reached skill level 7 in Maces & Flails
  4405 | D:5      | Reached XP level 8. HP: 44/48 MP: 8/8
  4421 | D:5      | Found a staircase to the Ecumenical Temple.
  4434 | Temple   | Entered the Ecumenical Temple
  4554 | Temple   | Became a worshipper of the Shining One
  4906 | D:5      | Reached skill level 5 in Armour
  4938 | D:6      | Found Wyinel's Magic Scroll Shop.
  4953 | D:6      | Bought a scroll of immolation for 38 gold pieces
  4953 | D:6      | Bought a scroll of identify for 22 gold pieces
  4953 | D:6      | Bought a scroll of magic mapping for 38 gold pieces
  4953 | D:6      | Bought a scroll of enchant armour for 82 gold pieces
  4953 | D:6      | Bought a scroll of magic mapping for 38 gold pieces
  4953 | D:6      | Bought a scroll of identify for 22 gold pieces
  5010 | D:6      | Noticed a shadow
  5019 | D:6      | Killed a shadow
  5020 | D:6      | Reached skill level 8 in Maces & Flails
  5020 | D:6      | Reached skill level 1 in Dodging
  5374 | D:6      | Noticed a troll
  5375 | D:6      | Noticed a wraith
  5397 | D:5      | Reached skill level 5 in Fighting
  5485 | D:6      | Killed a wraith
  5599 | D:6      | Reached skill level 9 in Maces & Flails
  5676 | D:6      | Reached * piety under the Shining One
  5687 | D:6      | Reached XP level 9. HP: 50/54 MP: 9/9
  5851 | D:6      | Reached skill level 1 in Invocations
  6527 | D:6      | Killed a troll
  6887 | D:6      | Reached skill level 5 in Shields
  6979 | D:7      | Reached skill level 10 in Maces & Flails
  7163 | D:7      | Found a flagged portal.
  7327 | Bailey   | Entered a bailey
  7574 | Bailey   | Noticed an orc knight
  7701 | Bailey   | Noticed an orc knight
  7721 | Bailey   | Killed an orc knight
  7722 | Bailey   | Reached XP level 10. HP: 60/60 MP: 12/12
  7732 | Bailey   | Reached skill level 11 in Maces & Flails
  7960 | Bailey   | Noticed an orc knight
  7998 | Bailey   | Killed an orc knight
  8021 | Bailey   | Killed an orc knight
  8402 | D:7      | Reached skill level 1 in Evocations
  8916 | D:8      | Reached skill level 12 in Maces & Flails
  9015 | D:8      | Found a transporter.
  9016 | D:8      | Found a transporter.
  9023 | D:8      | Noticed Joseph
  9038 | D:8      | Killed Joseph
  9293 | D:8      | Noticed a two-headed ogre
  9306 | D:8      | Killed a two-headed ogre
  9307 | D:8      | Reached XP level 11. HP: 66/66 MP: 14/14
  9320 | D:8      | Reached ** piety under the Shining One
  9321 | D:8      | Noticed Grum
  9689 | D:7      | Killed Grum
  9874 | D:8      | Noticed pkoi's ghost (novice MiHu)
 10114 | D:8      | Noticed Maurice
 10288 | D:8      | Killed Maurice
 10408 | D:8      | Reached skill level 13 in Maces & Flails
 10412 | D:8      | Reached skill level 5 in Invocations
 10798 | D:9      | Noticed Psyche
 10814 | D:8      | Killed Psyche
 11730 | D:9      | Found a staircase to the Orcish Mines.
 11862 | D:9      | Noticed Harold
 11890 | D:9      | Killed Harold
 12355 | D:9      | Found Udwa's Assorted Antiques.
 12362 | D:9      | Bought a scroll labelled BIANUNG KIBROR for 28 gold pieces
 12362 | D:9      | Bought a scroll labelled GAEVEU MOTY for 28 gold pieces
 12561 | D:9      | Found an iron altar of Okawaru.
 12690 | D:10     | Entered Level 10 of the Dungeon
 12796 | D:10     | Reached *** piety under the Shining One
 13353 | D:10     | Reached skill level 14 in Maces & Flails
 13484 | D:10     | Found a runed translucent door.
 13484 | D:10     | Found a shimmering altar of Xom.
 13484 | D:10     | Noticed danielguo94's ghost (journeyman GrFi)
 13484 | D:10     | Noticed a +1 mace of chaos
 13692 | D:11     | Noticed a two-headed ogre
 13697 | D:11     | Killed a two-headed ogre
 13698 | D:11     | Reached XP level 12. HP: 63/73 MP: 16/16
 13752 | D:11     | Noticed a boulder beetle
 13798 | D:11     | Killed a boulder beetle
 14001 | D:11     | Noticed an eight-headed hydra
 14008 | D:11     | Reached XP level 13. HP: 79/79 MP: 16/18
 14838 | D:11     | Reached skill level 15 in Maces & Flails
 15190 | D:11     | Found a staircase to the Lair.
 15218 | Lair:1   | Entered Level 1 of the Lair of Beasts
 15234 | Lair:1   | Found a large runed translucent door.
 15234 | Lair:1   | Found a large runed translucent door.
 15237 | Lair:1   | Noticed KUP's ghost (journeyman FoWr)
 15469 | D:8      | Killed pkoi's ghost
 15469 | D:8      | Reached **** piety under the Shining One
 15679 | D:10     | Killed danielguo94's ghost
 17220 | Lair:2   | Noticed Fannar
 17232 | Lair:2   | Killed Fannar
 17261 | Lair:2   | Reached skill level 10 in Armour
 17873 | Lair:2   | Gained mutation: Your large and strong wings let you fly.
                  | [Gargoyle growth]
 17873 | Lair:2   | Reached XP level 14. HP: 80/87 MP: 18/20
 18131 | Lair:2   | Reached skill level 10 in Fighting
 18566 | Lair:3   | Found a staircase to the Swamp.
 19210 | Lair:4   | Found a staircase to the Snake Pit.
 19241 | Lair:4   | Reached skill level 16 in Maces & Flails
 19789 | Lair:5   | Found a frozen archway.
 19957 | IceCv    | Entered an ice cave
 19982 | IceCv    | Reached ***** piety under the Shining One
 20182 | IceCv    | Found an ancient bone altar of Kikubaaqudgha.
 20515 | IceCv    | Reached ****** piety under the Shining One
 20564 | IceCv    | Identified the ring of Reffiv {rPois rN+}
 21227 | Lair:5   | Found a runed translucent door.
 21227 | Lair:5   | Found a viscous altar of Jiyva.
 21227 | Lair:5   | Noticed an azure jelly
 21228 | Lair:5   | Found a staircase to the Slime Pits.
 21228 | Lair:5   | Noticed an azure jelly
 21228 | Lair:5   | Noticed an azure jelly
 21364 | Lair:5   | Noticed Panli's ghost (journeyman CeAM)
 21422 | Lair:5   | Reached skill level 10 in Invocations
 21511 | Lair:5   | Found a runed translucent gate.
 21512 | Lair:5   | Found a runed translucent gate.
 21513 | Lair:5   | Found a runed translucent gate.
 21745 | Lair:5   | Noticed Kirke
 21768 | Lair:5   | Killed Kirke
 22148 | Lair:6   | Entered Level 6 of the Lair of Beasts
 22195 | Lair:6   | Reached skill level 10 in Shields
 22469 | Lair:6   | Reached XP level 15. HP: 94/94 MP: 22/22
 23002 | Lair:6   | Reached skill level 17 in Maces & Flails
 23469 | Lair:1   | Killed KUP's ghost
 23474 | Lair:1   | Identified the +0 trident "Viroebb" {vamp, *Noise rElec
                  | rF+}
 23620 | Lair:5   | Killed Panli's ghost
 25398 | Orc:1    | Entered Level 1 of the Orcish Mines
 25575 | Orc:2    | Entered Level 2 of the Orcish Mines
 25577 | Orc:2    | Noticed Sonja
 26034 | Orc:2    | Killed Sonja
 26036 | Orc:2    | Found a staircase to the Elven Halls.
 26432 | Orc:2    | Paralysed by an ogre mage for 7 turns
 26433 | Orc:2    | Killed from afar by an ogre mage

Illustrated notes

Levels and vault maps discovered:
D:1:      beargit_arrival_greenhouse, layout_basic, basic_ecumenical_altar,
          kennysheep_decorative_pillar
D:2:      layout_loops_cross, wander_ebering_terrifying_dragon_lair, uniq_robin
D:3:      layout_rooms, kennysheep_generic_room_3
D:4:      layout_cave_pods, uniq_grinder
D:5:      layout_loops_ring, temple_fountains
D:6:      layout_loops_cross, serial_shops, nicolae_shop_advertising_works
          [nicolae_subvault_shop_adworks], minmay_chambers_of_fives
D:7:      layout_basic, enter_bailey_5
D:8:      layout_layer_cave, gammafunk_ghost_smash,
          hangedman_abyss_or_decor_clamps, hangedman_decor_opposing, uniq_grum,
          uniq_maurice, uniq_joseph
D:9:      layout_roguey, okawaru_altar_gauntlet_db, erik_orc_4, serial_shops,
          shop, uniq_harold, uniq_psyche
D:10:     layout_long_grid, ebering_ghost_xom
D:11:     layout_loops_cross, david_lair_shrubbed
Temple:   mainiacjoe_temple_archimedes_tessellation
Lair:1:   layout_layer_cave, ebering_ghost_disaster_area, roderic_batcave,
          serial_bayou_shore_b
Lair:2:   lemuel_reptile_caves, layout_chaotic_city,
          grunt_forest_large_clearings, uniq_fannar
Lair:3:   layout_concentric_octagons, minmay_swamp_entry_wisps,
          lemuel_fruit_tree, infiniplex_staircase_pool_2, grunt_megastairs_3
Lair:4:   layout_hall_layers, guppyfry_snake_entry_island
Lair:5:   layout_cave_pods, slime_altar_2, portal_ice_cave_entry_pillars_2,
          maelrawn_ghost_gauntlet_escape, worms_lemuel, uniq_kirke
Lair:6:   due_jungle_book, layout_big_grid
Orc:1:    layout_caves, uniq_josephine, uniq_gastronok
Orc:2:    st_orc_ogre_mass, layout_caves, serial_shops, shop_scrolls,
          uniq_sonja, uniq_azrael, uniq_nessos

Skill      XL: |  1  2  3  4  5  6  7  8  9 10 11 12 13 14 15 |
---------------+----------------------------------------------+-----
Armour         | 4 5 6 8 10 11 | 11.7
Shields        | 4 5 6 7 8 10 11 | 11.5
Maces & Flails | 3 5 7 9 10 12 14 15 16 17 | 17.6
Fighting       | 4 5 6 7 8 9 11 | 11.8
Dodging        | 1 2 3 4 |  4.6
Invocations    | 3 4 6 7 8 10 11 | 11.3
Evocations     | 2 3 |  3.6
Stealth        | |  0.1

Action                   |  1- 3 |  4- 6 |  7- 9 | 10-12 | 13-15 || total
-------------------------+-------+-------+-------+-------+-------++-------
Melee: Flail             |   131 |   171 |   356 |   608 |  1783 ||  3049
       Unarmed           |       |       |       |    10 |       ||    10
Invok: Cleansing Flame   |       |       |       |       |    10 ||    10
       Divine Shield     |       |       |       |       |     1 ||     1
Evoke: Wand              |       |       |       |    23 |     7 ||    30
  Use: Potion            |       |     1 |     2 |     5 |       ||     8
       Scroll            |       |     3 |     3 |     3 |     9 ||    18
Armor: Scale mail        |    26 |       |       |       |       ||    26
       Chain mail        |    73 |   112 |   236 |   448 |  1165 ||  2034
Dodge: Dodged            |    65 |    53 |   124 |   259 |   621 ||  1122
Block: Buckler           |    30 |    33 |    79 |   149 |    47 ||   338
       Kite shield       |       |       |       |       |  1018 ||  1018
